 Seeded DCSS version 0.31-a0-339-gda1cbd555d (webtiles) character file.

Game seed: 14215367866634240820 (custom seed)

69 innerfire43 the Chopper (level 4, -3/35 HPs)
             Began as a Demonspawn Monk on July 19, 2023.
             Slain by a gnoll
             ... wielding a +0 spear
              (7 damage)
             ... on level 2 of the Dungeon on July 20, 2023.
             The game lasted 00:01:51 (1295 turns).

innerfire43 the Chopper (Demonspawn Monk)           Turns: 1295, Time: 00:01:52

Health: -3/35      AC:  5    Str: 13    XL:     4   Next: 2%
Magic:  4/4        EV: 13    Int: 12    God:
Gold:   55         SH:  0    Dex: 15    Spells: 3/3 levels left

rFire   . . .        a - +0 hand axe
rCold   . . .        d - orb {light}
rNeg    . . .        b - +0 robe
rPois   .            j - +2 helmet
rElec   .            (no cloak)
rCorr   .            (no gloves)
SInv    .            (no boots)
Will    .....        (no amulet)
Stlth   +            (no ring)
HPRegen 0.25/turn    (no ring)
MPRegen 0.09/turn

%: no passive effects
@: confused, ambrosia-drunk, glowing
A: demonic guardian 2
a: no special abilities


You were on level 2 of the Dungeon.
You visited 1 branch of the dungeon, and saw 2 of its levels.

You collected 55 gold pieces.

Inventory:

Hand Weapons
 a - a +0 hand axe (weapon)
Missiles
 h - a silver javelin (quivered)
Armour
 b - a +0 robe (worn)
 d - an orb of light (worn)
 j - a +2 helmet (worn)
Scrolls
 e - a scroll of enchant weapon {unknown}
 f - a scroll of fog {unknown}
 i - a scroll of amnesia {unknown}
Potions
 c - a potion of ambrosia
 g - a potion of curing {unknown}


   Skills:
 + Level 3.5 Fighting
 * Level 3.7 Axes
 + Level 3.2 Dodging


You had 3 spell levels left.
You didn't know any spells.
Your spell library was empty.

Dungeon Overview and Level Annotations

Branches:
Dungeon (2/15)

Altars:


Innate Abilities, Weirdness & Mutations

A demonic guardian rushes to your aid.


Message History

The gnoll is almost dead.
The gnoll closely misses you. The gnoll hits you with a +0 club.
The gnoll barely misses you.
Throw: 3 javelins (silver)
Press: ? - help, Q - select action Shift-Dir - straight line, f/p - gnoll
Aim: a gnoll, wielding a +0 club (almost dead, haloed, 80% to hit)
You throw a silver javelin.
The silver javelin pierces through the gnoll.
The gnoll is heavily wounded.
The silver javelin pierces through the gnoll but does no damage.
The gnoll is lightly wounded.
The silver javelin pierces through the gnoll!
You kill the gnoll!
The gnoll hits you with a +0 club! The gnoll closely misses you.
The gnoll hits you with a +0 club!
The gnoll hits you from afar with a +0 spear.
* * * LOW HITPOINT WARNING * * *
The gnoll misses you. The gnoll closely misses you.
The gnoll closely misses you.
Throw: 2 javelins (silver)
Press: ? - help, Q - select action Shift-Dir - straight line, f - gnoll
Aim: a gnoll, wielding a +0 club (severely wounded, haloed, 80% to hit)
You throw a silver javelin.
The silver javelin pierces through the gnoll.
The gnoll is almost dead.
The silver javelin pierces through the gnoll!
You kill the gnoll!
The gnoll hits you but does no damage. The gnoll closely misses you.
The gnoll barely misses you.
The gnoll hits you from afar with a +0 spear.
* * * LOW HITPOINT WARNING * * *
A demonic guardian appears!
You have reached level 4!
You feel clever.
Your demonic ancestry asserts itself...
Your guardian grows in power.
You are confused.
You feel invigorated. The gnoll hits you with a +0 club.
* * * LOW HITPOINT WARNING * * *
The gnoll hits you from afar with a +0 spear!
You die...

#####..(..
#....##..##
#....##...#
###.....#.#.#
#......(#)#.##
#..........#
##..).......# ..
##..gg.......# #.##
##..@...#####.#
###..# ###...5...#
..#
.[...####....#....#
.#
#.#.......#...#####
.#
#..#...........##
#†##...........#
####..............#
....###...........#
....#............##


You could see 2 gnolls and a friendly quasit (summoned).

Vanquished Creatures
  2 gnolls (D:2)
  A worm (D:2)
  3 ball pythons (D:1)
  5 endoplasms
  A giant cockroach (D:1)
  4 goblins
  3 hobgoblins
  6 jackals (D:1)
  2 kobolds (D:1)
  4 quokkas (D:1)
  3 bats
  2 frilled lizards (D:1)
  2 rats (D:1)
38 creatures vanquished.

Vanquished Creatures (collateral kills)
  A dart slug (D:1)
1 creature vanquished.

Grand Total: 39 creatures vanquished

Notes
Turn   | Place    | Note
-------+----------+-------------------------------------------
     0 | D:1      | innerfire43 the Demonspawn Monk began the quest for the
                  | Orb.
     0 | D:1      | Reached XP level 1. HP: 18/18 MP: 1/1
     0 | D:1      | Upgraded the game from 0.31-a0-331-geda263fcf1 to
                  | 0.31-a0-339-gda1cbd555d
    51 | D:1      | Gained mutation: A weak demonic guardian rushes to your
                  | aid. [demonic ancestry]
    51 | D:1      | Reached XP level 2. HP: 9/24 MP: 2/2
   524 | D:1      | Reached XP level 3. HP: 29/29 MP: 3/3
  1295 | D:2      | Gained mutation: A demonic guardian rushes to your aid.
                  | [demonic ancestry]
  1295 | D:2      | Reached XP level 4. HP: 3/35 MP: 4/4
  1295 | D:2      | Slain by a gnoll

Illustrated notes

Levels and vault maps discovered:
D:1:      dpeg_arrival_castle, layout_basic, serial_forest,
          infiniplex_forest_straight_2, infiniplex_forest_straight_3,
          infiniplex_forest_clump_double, infiniplex_forest_lined_1,
          infiniplex_forest_clump_small, infiniplex_forest_straight_2,
          infiniplex_forest_lined_3_way
D:2:      layout_rooms

Skill      XL: |  1  2 |
---------------+-------+-----
Axes           | 3 |  3.7
Dodging        | 3 |  3.2
Fighting       | |  3.5

Action                     |  1- 3 |  4- 6 || total
---------------------------+-------+-------++-------
  Melee: Hand axe          |    81 |       ||    81
  Throw: Javelin           |     4 |       ||     4
    Use: Potion            |       |     1 ||     1
 Armour: Robe              |    14 |       ||    14
  Dodge: Dodged            |    78 |       ||    78

Table legend: (Time is in decaauts)
 A = Elapsed time spent in this place.
 B = Non-inter-level travel time spent in this place.
 C = Inter-level travel time spent in this place.
 D = Time resting spent in this place.
 E = Time spent auto-exploring this place.
 F = Levels seen in this place.
 G = Mean time per level.
                   A        B        C        D        E       F      G
               +--------+--------+--------+--------+--------+-----+--------+
         Total |   1319 |   1178 |    141 |      0 |    964 |   2 |  659.5 |
       Dungeon |   1319 |   1178 |    141 |      0 |    964 |   2 |  659.5 |
               +--------+--------+--------+--------+--------+-----+--------+

Top non-repeatable levels by time:
     D:1: 1162 daAuts
     D:2: 157 daAuts
